 Dungeon Crawl Stone Soup version 0.21-a0-578-gc6e9d75 (webtiles) character file.

4670 Lanoc the Slinger (level 10, -2/68 HPs)
             Began as a Halfling Hunter on Dec 18, 2017.
             Was a Priest of Nemelex Xobeh.
             Slain by a warg (13 damage)
             ... on level 9 of the Dungeon.
             The game lasted 00:38:45 (9714 turns).

Lanoc the Slinger (Halfling Hunter)                 Turns: 9714, Time: 00:38:46

Health: -2/68      AC:  8    Str: 13    XL:     10   Next: 71%
Magic:  14/14      EV: 18    Int: 12    God:    Nemelex Xobeh [***...]
Gold:   705        SH:  0    Dex: 19    Spells: 9/9 levels left

rFire    . . .     SeeInvis .   a - +1 hunting sling
rCold    . . .     Gourm    .   (shield restricted)
rNeg     . . .     Faith    .   u - +0 ring mail (curse)
rPois    .         Spirit   .   (no helmet)
rElec    .         Reflect  .   (no cloak)
rCorr    .         Harm     .   P - +1 pair of gloves
MR       .....                  (no boots)
Stlth    +.........             O - amulet of inaccuracy (curse)
HPRegen  0.21/turn              l - +3 ring of intelligence
MPRegen  0.14/turn              (no ring)

@: no status effects
A: small, mutation resistance 1
a: Triple Draw, Renounce Religion


You were on level 9 of the Dungeon.
You worshipped Nemelex Xobeh.
Nemelex Xobeh was most pleased with you.
You were not hungry.

You visited 2 branches of the dungeon, and saw 11 of its levels.

You collected 705 gold pieces.

Inventory:

Hand Weapons
 a - a +1 hunting sling (weapon)
 d - a +0 dagger
 E - the +5 short sword of the Whelk {drain, rPois rF+}
   (You found it on level 5 of the Dungeon)

   A truly terrible weapon, it drains the life of those it strikes.
   It protects you from fire.
   It protects you from poison.
Missiles
 j - 110 stones (quivered)
 A - 13 sling bullets
Armour
 c - a +0 leather armour
 e - the +1 robe of a bazaar {*Slow rPois Slay+2 SInv, unknown}
   (You found it on level 4 of the Dungeon)

   It affects your accuracy and damage with ranged weapons and melee attacks
   (+2).
   It protects you from poison.
   It lets you see invisible.
   It may slow you when you take damage.
 t - a +2 shield
 u - a cursed +0 ring mail (worn)
 P - a +1 pair of gloves (worn)
Jewellery
 l - a +3 ring of intelligence (left hand)
 C - an uncursed ring of fire
 D - an uncursed ring of ice
 O - a cursed amulet of inaccuracy (around neck)
Wands
 b - a wand of clouds (7)
 k - a wand of random effects (27)
 o - a wand of enslavement (13)
 r - a wand of iceblast (11)
Scrolls
 v - a scroll of enchant weapon {unknown}
 x - 3 scrolls of teleportation
 y - 2 scrolls of magic mapping
 B - 2 scrolls of blinking
 J - 2 scrolls of amnesia
 L - 3 scrolls of fear
Potions
 g - 2 potions of mutation
 h - a potion of agility
 i - a potion of haste
 m - 3 potions of flight
 n - 3 potions of curing
 p - 2 potions of lignification
 s - a potion of heal wounds
 z - a potion of berserk rage
 I - a potion of might
 K - 2 potions of brilliance {unknown}
Books
 w - a book of Cantrips

   Spells                             Type                      Level
   a - Confusing Touch                Hexes                        1
   b - Animate Skeleton               Necromancy                   1
   c - Summon Small Mammal            Summoning                    1
   d - Apportation                    Translocation                1
Miscellaneous
 q - a plain deck of escape {drawn: 6}
 F - a plain deck of destruction
 G - a plain deck of summoning {drawn: 3}
 H - an ornate deck of destruction
 M - a plain deck of summoning
 Q - a legendary deck of summoning
Comestibles
 f - 14 rations
 N - 5 chunks of flesh


   Skills:
 + Level 5.9 Fighting
 * Level 13.3 Slings
 + Level 6.5 Armour
 + Level 7.1 Dodging
 - Level 1.1 Stealth
 + Level 6.1 Invocations


You had 9 spell levels left.
You didn't know any spells.

Dungeon Overview and Level Annotations

Branches:
Dungeon (10/15)            Temple (1/1) D:7
   Lair: D:8-11         Orc: D:9-12

Altars:
Ashenzari
Cheibriados
Dithmenos
Elyvilon
Fedhas
Gozag
Hepliaklqana
Kikubaaqudgha
Makhleb
Nemelex Xobeh
Okawaru
Qazlal
Ru
Sif Muna
Trog
Uskayaw
Vehumet
Wu Jian
Xom
Yredelemnul
Zin
The Shining One


Innate Abilities, Weirdness & Mutations

You are small and have problems with some larger weapons.
You are somewhat resistant to further mutation.


Message History

Firing (i - inventory. (,) - cycle):
j - 111 stones (quivered)
Press: ? - help, Shift-Dir - straight line, f/p - warg
Aim: a warg You shoot a stone.
The stone barely misses the warg.
The warg bites you!
* * * LOW HITPOINT WARNING * * *
Evoke which item? (* to show all) (? for menu, Esc to quit)
You draw a card...
It is the Tomb.
Walls emerge from the floor!
The warg bites you.
* * * LOW HITPOINT WARNING * * *
Evoke which item? (* to show all) (? for menu, Esc to quit)
You draw a card...
It is Foxfire.
The warg closely misses you.
Evoke which item? (* to show all) (? for menu, Esc to quit)
Aiming: Enslavement
Press: ? - help, Shift-Dir - straight line, f/p - warg
Aim: a warg (chance to defeat MR: 28%)
The warg easily resists.
The warg closely misses you.
Your killer bee closely misses the warg.
The killer bee stings your killer bee. The warg bites you!
You die...
Your body glows slightly and disappears.

#..........# #..
#####.#.#### #..
#.#....# #.. #.####.#
#.. #.# #.######
#.####.......
#.##....#####
######.##.##.#####
###@#...............
##yh##...............
#....######.###
######.#..))......[
#.#####.......
#########.#####.......
#.........##..........
#..<..................


You could see a warg, a killer bee and a friendly killer bee.

Vanquished Creatures
  3 yaks (D:10)
  A hungry ghost (D:10)
  Menkaure (D:8)
  A water moccasin (D:10)
  A black bear (D:9)
  4 orc warriors
  A sky beast (D:2)
  An ice beast (D:9)
  A phantom (D:9)
  A centaur (D:9)
  6 ogres
  Blork the orc (D:5)
  5 bullfrogs
  Dowan (D:7)
  3 scorpions
  5 wights (D:9)
  A howler monkey (D:4)
  3 crimson imps
  A bullfrog zombie (D:3)
  A quasit (D:9)
  A centaur zombie (D:7)
  4 hounds
  5 jellies
  A gnoll shaman (D:6)
  An orc priest (D:8)
  A bullfrog skeleton (D:10)
  Jessica (D:3)
  Natasha (thrice) (D:2)
  2 orc wizards
  5 worker ants
  A howler monkey zombie (D:6)
  Robin (D:2)
  11 gnolls
  A howler monkey skeleton (D:10)
  7 adders
  3 adder zombies
  3 adder skeletons
  4 worms (D:2)
  A dart slug (D:2)
  4 leopard geckos
  27 orcs
  7 giant cockroaches
  14 goblins
  11 hobgoblins
  An iguana (D:3)
  6 jackals
  4 kobolds
  A quokka (D:4)
  2 ball pythons
  5 bats
  2 frilled lizards
  A quokka zombie (D:5)
  11 rats
194 creatures vanquished.

Vanquished Creatures (collateral kills)
  A two-headed ogre (D:7)
  Duvessa (D:7)
  A crimson imp (D:7)
3 creatures vanquished.

Grand Total: 197 creatures vanquished

Notes
Turn   | Place    | Note
-------+----------+-------------------------------------------
     0 | D:1      | Lanoc the Halfling Hunter began the quest for the Orb.
     0 | D:1      | Reached XP level 1. HP: 14/14 MP: 1/1
    50 | D:1      | Reached skill level 6 in Slings
    95 | D:1      | Reached XP level 2. HP: 19/19 MP: 2/2
   392 | D:1      | Reached skill level 1 in Armour
   392 | D:1      | Reached XP level 3. HP: 24/24 MP: 3/3
   713 | D:2      | Noticed a sky beast
   726 | D:2      | Killed a sky beast
   726 | D:2      | Reached skill level 7 in Slings
   726 | D:2      | Reached XP level 4. HP: 11/30 MP: 4/4
   726 | D:2      | Reached XP level 5. HP: 13/35 MP: 5/5
  1067 | D:2      | Noticed Robin
  1091 | D:2      | Killed Robin
  1371 | D:2      | Found a sparkling altar of Nemelex Xobeh.
  1433 | D:2      | Noticed Natasha
  1442 | D:2      | Killed Natasha
  1442 | D:2      | Reached XP level 6. HP: 25/41 MP: 6/6
  1484 | D:2      | Became a worshipper of Nemelex Xobeh the Trickster
  1720 | D:2      | Noticed Natasha
  1774 | D:2      | Killed Natasha
  1923 | D:2      | Noticed Natasha
  1932 | D:2      | Killed Natasha
  1964 | D:3      | Noticed an ogre
  1970 | D:3      | Killed an ogre
  1970 | D:3      | Reached skill level 8 in Slings
  1970 | D:3      | Reached skill level 1 in Invocations
  2013 | D:3      | Received a gift from Nemelex Xobeh
  2022 | D:3      | Reached XP level 7. HP: 46/46 MP: 7/7
  2111 | D:3      | Found a shimmering altar of Xom.
  2239 | D:3      | Noticed Jessica
  2248 | D:3      | Killed Jessica
  2590 | D:4      | Got a thick robe
  2741 | D:4      | Noticed a two-headed ogre
  3176 | D:4      | Noticed Menkaure
  3214 | D:4      | Reached * piety under Nemelex Xobeh
  3218 | D:4      | Reached skill level 9 in Slings
  3435 | D:5      | Entered Level 5 of the Dungeon
  3521 | D:5      | Found an ancient bone altar of Kikubaaqudgha.
  3603 | D:5      | Noticed Blork the orc
  3618 | D:5      | Killed Blork the orc
  3618 | D:5      | Reached XP level 8. HP: 14/53 MP: 9/9
  4171 | D:5      | Got a faintly glowing short sword
  4172 | D:5      | Identified the +5 short sword of the Whelk {drain, rPois rF+} (You found it on level 5 of the Dungeon)
  4611 | D:6      | Received a gift from Nemelex Xobeh
  4641 | D:6      | Reached skill level 10 in Slings
  4778 | D:6      | Reached skill level 5 in Dodging
  5152 | D:6      | Received a gift from Nemelex Xobeh
  5720 | D:7      | Reached ** piety under Nemelex Xobeh
  5749 | D:7      | Reached XP level 9. HP: 59/59 MP: 11/11
  5841 | D:7      | Killed a two-headed ogre
  5841 | D:7      | Reached skill level 11 in Slings
  5841 | D:7      | Reached skill level 5 in Armour
  5956 | D:7      | Found a staircase to the Ecumenical Temple.
  5976 | Temple   | Entered the Ecumenical Temple
  6136 | Temple   | Received a gift from Nemelex Xobeh
  6355 | D:7      | Noticed Dowan
  6357 | D:7      | Noticed Duvessa
  6372 | D:7      | Killed Dowan
  6400 | D:7      | Killed Duvessa
  7005 | D:8      | Reached skill level 5 in Fighting
  7196 | D:8      | Killed Menkaure
  7360 | D:8      | Reached skill level 12 in Slings
  7383 | D:8      | Reached skill level 5 in Invocations
  7383 | D:8      | Reached XP level 10. HP: 41/66 MP: 13/13
  7410 | D:8      | Reached *** piety under Nemelex Xobeh
  7868 | D:8      | Received a gift from Nemelex Xobeh
  8497 | D:9      | Found an ornate altar of the Wu Jian Council.
  8520 | D:9      | Found a hide-covered altar of Uskayaw.
  8824 | D:9      | Found a basalt altar of Yredelemnul.
  8968 | D:10     | Entered Level 10 of the Dungeon
  9348 | D:10     | Received a gift from Nemelex Xobeh
  9389 | D:10     | Reached skill level 13 in Slings
  9714 | D:9      | Slain by a warg

Vault maps used:
D:1:      evilmike_arrival_home_sweet_home, solitary_fountain
D:2:      nemelex_xobeh_ov_fountains_minmay, uniq_natasha, uniq_robin
D:3:      first_ration, dk_xom_monty_hall, uniq_jessica
D:4:      uniq_menkaure
D:5:      basic_altar, serial_bayou, serial_bayou_crossing, serial_bayou_pond_e,
          serial_bayou_shore_b, serial_bayou_lagoon_a, serial_bayou_lagoon_b,
          hex_tiny, uniq_blork_the_orc
D:7:      minmay_temple_entry_crystal_x, uniq_duvessa
D:8:      kennysheep_potato
D:9:      minitemple, kennysheep_nondescript
D:10:     david_orc_3
Temple:   eino_narrow_crystal_temple

Skill      XL: |  1  2  3  4  5  6  7  8  9 10 |
---------------+-------------------------------+-----
Slings         | 6 7 8 9 10 12 13 | 13.3
Fighting       | 2 3 4 5 |  5.9
Armour         | 1 2 3 4 5 6 |  6.5
Dodging        | 3 4 5 6 7 |  7.1
Invocations    | 1 2 3 5 6 |  6.1
Stealth        | |  1.1

Action                   |  1- 3 |  4- 6 |  7- 9 | 10-12 || total
-------------------------+-------+-------+-------+-------++-------
Melee: Hunting sling     |       |     7 |       |       ||     7
       Dagger            |       |     1 |       |       ||     1
 Fire: Hunting sling     |    74 |   146 |   511 |   450 ||  1181
Evoke: Deck              |       |       |     7 |     2 ||     9
       Wand              |       |       |       |     1 ||     1
  Use: Scroll            |       |       |    14 |     3 ||    17
  Eat: Chunk             |       |     2 |    10 |     3 ||    15
       Ration            |       |     1 |     1 |     1 ||     3
Armor: Leather armour    |     2 |     6 |     1 |       ||     9
       Ring mail         |       |       |    27 |    38 ||    65
Dodge: Dodged            |    15 |    25 |    92 |   134 ||   266

Table legend:
 A = Spawn XP
 B = Non-spawn XP
 C = Spawn XP percentage of total XP
 D = Spawn monster count
 E = Non-spawn monster count
 F = Spawn count percentage of total count
 G = Total turns spent on level
                    A         B        C        D         E        F      G
               +---------+---------+-------+---------+---------+-------+---------
         Total |       0 |    6672 |   0.0 |       0 |     197 |   0.0 |  9714
               +---------+---------+-------+---------+---------+-------+---------
           D:1 |       0 |      38 |   0.0 |       0 |      18 |   0.0 |   579
           D:2 |       0 |     340 |   0.0 |       0 |      46 |   0.0 |  1373
           D:3 |       0 |     375 |   0.0 |       0 |      14 |   0.0 |   708
           D:4 |       0 |     153 |   0.0 |       0 |       9 |   0.0 |   775
           D:5 |       0 |     373 |   0.0 |       0 |       9 |   0.0 |  1022
           D:6 |       0 |     674 |   0.0 |       0 |      22 |   0.0 |  1252
           D:7 |       0 |    1269 |   0.0 |       0 |      16 |   0.0 |  1057
           D:8 |       0 |     964 |   0.0 |       0 |      22 |   0.0 |   977
           D:9 |       0 |    1395 |   0.0 |       0 |      28 |   0.0 |  1371
          D:10 |       0 |    1091 |   0.0 |       0 |      13 |   0.0 |   408
               +---------+---------+-------+---------+---------+-------+---------
